 Dungeon Crawl Stone Soup version 0.30-a0-1164-ge08a67761e (webtiles) character file.

Game seed: 9513127763335687010

4101 Arzdou the Geomancer (level 10, 0/50 HPs)
             Began as a Deep Elf Earth Elementalist on Apr 29, 2023.
             Was an Initiate of Vehumet.
             Slain by a killer bee (2 damage)
             ... on level 7 of the Dungeon.
             The game lasted 00:25:36 (8989 turns).

Arzdou the Geomancer (Deep Elf Earth Elementalist)  Turns: 8989, Time: 00:25:37

Health: 0/50       AC:  5    Str:  5    XL:     10   Next: 6%
Magic:  22/22      EV: 15    Int: 25    God:    Vehumet [......]
Gold:   258        SH:  0    Dex: 15    Spells: 12/23 levels left

rFire   + . .        H - +1 shortbow
rCold   . . .        (shield currently unavailable)
rNeg    . . .        a - +0 robe
rPois   .            f - +0 helmet
rElec   .            t - +0 cloak
rCorr   .            (no gloves)
SInv    +            o - +0 pair of boots
Will    +....        (no amulet)
Stlth   +++          g - ring of protection from fire
HPRegen 0.28/turn    j - ring of see invisible
MPRegen 0.18/turn

%: no passive effects
@: slowed, very slow
A: no striking features
a: Renounce Religion


You were on level 7 of the Dungeon.
You worshipped Vehumet.
Vehumet was noncommittal.
You visited 2 branches of the dungeon, and saw 9 of its levels.
You also visited: Sewer.

You collected 458 gold pieces.
You spent 200 gold pieces at shops.

Inventory:

Hand Weapons
 h - a +0 dagger of speed
 i - a +0 sling
 H - a +1 shortbow (weapon)
Armour
 a - a +0 robe (worn)
 f - a +0 helmet (worn)
 o - a +0 pair of boots (worn)
 p - a +1 helmet
 t - a +0 cloak (worn)
Jewellery
 g - a ring of protection from fire (left hand)
 j - a ring of see invisible (right hand)
Wands
 w - a wand of polymorph (8)
 z - a wand of roots (13)
 C - a wand of paralysis (13)
 E - a wand of quicksilver (21)
Scrolls
 d - 2 scrolls of poison
 e - a scroll of immolation
 m - 3 scrolls of enchant armour
 n - 2 scrolls of blinking
 s - 2 scrolls of fear
 y - 3 scrolls of teleportation
Potions
 b - 2 potions of magic
 c - 2 potions of mutation
 k - 2 potions of might
 q - a potion of berserk rage
 r - 2 potions of brilliance
 v - 3 potions of attraction
 x - a potion of curing
 B - a potion of cancellation
 D - a potion of flight {unknown}
 G - a potion of lignification


   Skills:
 + Level 5.9 Ranged Weapons
 + Level 6.3 Dodging
 + Level 6.8 Stealth
 + Level 7.0 Spellcasting
 * Level 7.1 Conjurations
 - Level 2.0 Transmutations
 + Level 3.7 Ice Magic
 * Level 8.2 Earth Magic
 - Level 3.3 Poison Magic


You had 12 spell levels left.
You knew the following spells:

 Your Spells              Type           Power      Damage    Failure   Level
a - Sandblast             Erth           100%       2d20      1%          1
b - Stone Arrow           Conj/Erth      94%        3d12      1%          3
c - Poisonous Vapours     Pois/Air       34%        N/A       4%          2
d - Frozen Ramparts       Ice            54%        1d9       4%          3
e - Ensorcelled Hibernat  Hex/Ice        36%        N/A       4%          2

Your spell library contained the following spells:

 Spells                   Type           Power      Damage    Failure   Level
 Freeze                   Ice            100%       1d10      1%          1
 Passwall                 Tmut/Erth      28%        N/A       1%          2
 Hailstorm                Conj/Ice       35%        3d9       2%          3
 Mephitic Cloud           Conj/Pois/Air  26%        N/A       4%          3
 Necrotise                Necr           32%        1d5       7%          1
 Summon Small Mammal      Summ           32%        N/A       7%          1
 Spider Form              Tmut/Pois      22%        N/A       7%          3
 Petrify                  Tmut/Erth      34%        N/A       9%          4
 Lesser Beckoning         Tloc           16%        N/A       10%         2
 Call Canine Familiar     Summ           8%         N/A       21%         3
 Gell's Gravitas          Tloc           8%         N/A       21%         3
 Summon Guardian Golem    Hex/Summ       8%         N/A       21%         3
 Teleport Other           Tloc           8%         N/A       21%         3
 Vampiric Draining        Necr           8%         2d6       21%         3
 Ice Form                 Ice/Tmut       23%        N/A       21%         4
 Freezing Cloud           Conj/Ice/Air   13%        6-21      38%         5
 Anguish                  Hex/Necr       4%         N/A       54%         4
 Agony                    Necr           8%         N/A       88%         5
 Storm Form               Tmut/Air       6%         N/A       100%        7
 Polar Vortex             Ice            13%        N/A       100%        9


Dungeon Overview and Level Annotations

Branches:
Dungeon (8/15)             Temple (1/1) D:7           Sewer (visited)
   Lair: D:8-11

Altars:
Cheibriados
Gozag
Kikubaaqudgha
Makhleb
Qazlal
Ru
Sif Muna
Uskayaw
Vehumet
Xom
Zin

Shops:
D:2 :

Annotations:
D:3 2 runed translucent doors, Roalbala's ghost, amateur DrTm
D:5 1 runed translucent door, AppleFox63's ghost, amateur DEEE
D:8 Amaemon
Temple 2 transporters


Message History

There is a stone staircase leading up here.
Unknown command.
You feel very sick. The killer bee misses you. The killer bee stings you.
You are more poisoned.
The killer bee poisons you! The killer bee closely misses you.
The killer bee misses you. The killer bee closely misses you.
The killer bee stings you.
You are lethally poisoned!
The killer bee poisons you! The killer bee closely misses you. x3
The killer bee completely misses you. The killer bee closely misses you.
The killer bee stings you.
You climb upwards.
* * * LOW HITPOINT WARNING * * *
You feel extremely sick.
There is a stone staircase leading down here.
You feel much better.
You feel very sick.
The killer bee no longer looks unusually toxic.
The killer bee completely misses you. The killer bee stings you!
You are lethally poisoned!
The killer bee poisons you!
The killer bee stings you but does no damage.
The killer bee stings you!
* * * LOW HITPOINT WARNING * * *
You are more poisoned.
The killer bee poisons you!
The killer bee stings you but does no damage.
The killer bee stings you.
* * * LOW HITPOINT WARNING * * *
You are more poisoned.
The killer bee poisons you! The killer bee barely misses you.
The killer bee misses you. The killer bee stings you.
* * * LOW HITPOINT WARNING * * *
You are more poisoned.
The killer bee poisons you!
You feel better. The killer bee stings you!
* * * LOW HITPOINT WARNING * * *
The killer bee stings you.
You die...

#.#......##.......#.####
....###.....).......#
..#####........#..###
...##....#....(...#
.........#....##..######
..#####...#...##..##...#
....# ##.<.....#..##...#
.##.#######[...y#y.#...#
.##...# #.......@......#
......###....#.y†......#
##...........#.........#
##....##.....###.##[...#
#.....###....# #..†....#
..#...# #....# ####....#
###...# #....# #....#
#...# #....# #..#.##
##### ###### #.....##


You could see 3 killer bees.

Vanquished Creatures
  A two-headed ogre (D:6)
  Eustachio (D:4)
  4 yaks
  2 steam dragons
  A water moccasin (Sewer)
  Duvessa (D:7)
  4 black bears
  2 ice beasts
  A sky beast (D:6)
  An orc warrior (D:6)
  An ogre (D:5)
  A centaur (D:7)
  Blork the orc (D:4)
  2 kobold brigands
  2 scorpions
  2 bullfrogs
  Dowan (D:7)
  6 killer bees (D:7)
  A howler monkey (D:6)
  2 gnoll boudas
  2 jellies
  3 iguanas
  3 orc wizards
  A sleepcap (D:4)
  8 gnolls
  15 adders
  2 white imps (D:6)
  An ufetubus (D:6)
  5 worms
  4 dart slugs
  15 orcs
  9 endoplasms
  5 giant cockroaches
  6 goblins
  7 hobgoblins
  4 jackals (D:2)
  3 quokkas
  11 ball pythons
  6 bats
  2 frilled lizards (D:1)
  10 kobolds
  6 rats
165 creatures vanquished.

Notes
Turn   | Place    | Note
-------+----------+-------------------------------------------
     0 | D:1      | Arzdou the Deep Elf Earth Elementalist began the quest for
                  | the Orb.
     0 | D:1      | Reached XP level 1. HP: 10/10 MP: 6/6
   150 | D:1      | Reached XP level 2. HP: 15/15 MP: 6/8
   712 | D:1      | Reached XP level 3. HP: 19/19 MP: 7/9
   716 | D:1      | Learned a level 3 spell: Stone Arrow
   719 | D:1      | Learned a level 2 spell: Poisonous Vapours
   776 | D:2      | Found Nimnurch's Book Emporium.
  1221 | D:2      | Reached skill level 1 in Ranged Weapons
  1318 | D:2      | Reached XP level 4. HP: 24/24 MP: 8/11
  1412 | D:2      | Reached skill level 1 in Conjurations
  1588 | D:2      | Reached skill level 4 in Earth Magic
  1893 | D:3      | Found a runed translucent door.
  1897 | D:3      | Noticed Roalbala's ghost (amateur DrTm)
  2079 | D:3      | Noticed an ice beast
  2261 | D:3      | Found a glowing drain.
  2343 | Sewer    | Entered a sewer
  2405 | Sewer    | Noticed a water moccasin
  2417 | Sewer    | Killed a water moccasin
  2418 | Sewer    | Reached XP level 5. HP: 13/28 MP: 5/13
  2890 | D:3      | Found a runed translucent door.
  3178 | D:4      | Noticed a yak
  3178 | D:4      | Noticed a yak
  3185 | D:3      | Killed a yak
  3186 | D:3      | Reached XP level 6. HP: 20/32 MP: 7/14
  3301 | D:3      | Killed a yak
  3302 | D:3      | Reached skill level 5 in Earth Magic
  3302 | D:3      | Reached XP level 7. HP: 24/36 MP: 4/15
  3785 | D:4      | Noticed a yak
  3785 | D:4      | Noticed a yak
  3801 | D:4      | Killed a yak
  3888 | D:4      | Killed a yak
  3889 | D:4      | Reached skill level 5 in Spellcasting
  3965 | D:2      | Bought a book of Frost for 200 gold pieces
  3969 | D:2      | Learned a level 3 spell: Frozen Ramparts
  4137 | D:4      | Reached skill level 6 in Earth Magic
  4334 | D:4      | Noticed Eustachio
  4375 | D:4      | Killed Eustachio
  4376 | D:4      | Reached skill level 5 in Stealth
  4376 | D:4      | Reached XP level 8. HP: 32/41 MP: 4/17
  4491 | D:4      | Reached skill level 1 in Ice Magic
  4491 | D:4      | Reached skill level 1 in Poison Magic
  4619 | D:4      | Noticed Blork the orc
  4624 | D:4      | Killed Blork the orc
  4854 | D:5      | Entered Level 5 of the Dungeon
  4996 | D:5      | Reached skill level 5 in Conjurations
  5229 | D:5      | Got the Commentary on Icy Metamorphosis
  5586 | D:5      | Reached skill level 5 in Dodging
  5980 | D:5      | Found a runed translucent door.
  6238 | D:5      | Noticed AppleFox63's ghost (amateur DEEE)
  6324 | D:6      | Reached skill level 7 in Earth Magic
  6511 | D:6      | Reached XP level 9. HP: 45/45 MP: 12/20
  7429 | D:6      | Noticed a two-headed ogre
  7431 | D:6      | Reached skill level 5 in Ranged Weapons
  7544 | D:6      | Killed a two-headed ogre
  8093 | D:7      | Noticed Dowan
  8102 | D:7      | Killed Dowan
  8180 | D:7      | Noticed Duvessa
  8187 | D:7      | Killed Duvessa
  8188 | D:7      | Reached skill level 8 in Earth Magic
  8191 | D:7      | Learned a level 2 spell: Ensorcelled Hibernation
  8628 | D:7      | Reached XP level 10. HP: 42/50 MP: 14/22
  8698 | D:7      | Found a staircase to the Ecumenical Temple.
  8758 | Temple   | Entered the Ecumenical Temple
  8758 | Temple   | Found a transporter.
  8758 | Temple   | Found a transporter.
  8760 | Temple   | Found a transporter.
  8760 | Temple   | Found a transporter.
  8776 | Temple   | Became a worshipper of Vehumet
  8914 | D:8      | Noticed Amaemon
  8989 | D:7      | HP: 2/50 [killer bee (7)]
  8989 | D:7      | Slain by a killer bee

Illustrated notes

Levels and vault maps discovered:
D:1:      minmay_arrival_three_doors, layout_basic
D:2:      layout_loops_cross, serial_shops, shop
D:3:      layout_loops_corners, cheibrodos_sewer_entry_bend,
          ebering_ghost_sewer_f, lightli_corner_chamber
D:4:      layout_basic, uniq_eustachio, uniq_blork_the_orc
D:5:      layout_loops_ring, ebering_ghost_reflecting_pool
D:6:      minmay_clustersquares, layout_layer_cave, nicolae_half_adder
D:7:      layout_rooms, minmay_temple_entry_offerings, uniq_duvessa
D:8:      layout_rooms, erik_lair_island, enter_bailey_3, uniq_amaemon
Temple:   hellmonk_temple_divided_pantheon

Skill      XL: |  1  2  3  4  5  6  7  8  9 10 |
---------------+-------------------------------+-----
Stealth        | 3 4 5 6 |  6.8
Dodging        | 3 4 5 6 |  6.3
Ranged Weapons | 1 2 3 4 5 |  5.9
Conjurations   | 2 3 4 5 7 |  7.1
Transmutations | 2 |  2.0
Earth Magic    | 4 5 6 7 8 |  8.2
Spellcasting   | 4 5 6 7 |  7.0
Ice Magic      | 2 3 |  3.7
Poison Magic   | 2 3 |  3.3

Action                     |  1- 3 |  4- 6 |  7- 9 | 10-12 || total
---------------------------+-------+-------+-------+-------++-------
  Melee: Unarmed           |     1 |       |       |       ||     1
   Fire: Sling             |    32 |    35 |    90 |       ||   157
         Shortbow          |       |       |       |     5 ||     5
   Cast: Sandblast         |    47 |    37 |    27 |     1 ||   112
         Poisonous Vapours |     4 |     2 |     5 |       ||    11
         Stone Arrow       |       |     6 |   116 |     2 ||   124
    Use: Scroll            |       |    13 |     4 |     3 ||    20
         Potion            |       |       |     1 |     2 ||     3
 Armour: Robe              |     5 |     2 |     9 |     4 ||    20
  Dodge: Dodged            |    17 |     9 |    43 |    27 ||    96

Table legend: (Time is in decaauts)
 A = Elapsed time spent in this place.
 B = Non-inter-level travel time spent in this place.
 C = Inter-level travel time spent in this place.
 D = Time resting spent in this place.
 E = Time spent auto-exploring this place.
 F = Levels seen in this place.
 G = Mean time per level.
                   A        B        C        D        E       F      G
               +--------+--------+--------+--------+--------+-----+--------+
         Total |   9124 |   8484 |    640 |    310 |   7002 |  10 |  912.4 |
       Dungeon |   8845 |   8223 |    622 |    296 |   6803 |   8 | 1105.6 |
        Temple |     33 |     15 |     18 |      0 |      5 |   1 |   33.0 |
         Sewer |    246 |    246 |      0 |     14 |    193 |   1 |  246.0 |
               +--------+--------+--------+--------+--------+-----+--------+

Top non-repeatable levels by time:
     D:3: 1845 daAuts
     D:6: 1731 daAuts
     D:5: 1488 daAuts
     D:2: 1109 daAuts
     D:4: 1095 daAuts
     D:1: 767 daAuts
     D:7: 726 daAuts
   Sewer: 246 daAuts
     D:8: 79 daAuts
  Temple: 33 daAuts
